 Dungeon Crawl Stone Soup version 0.27.0-1-g7a089689b8 (webtiles) character file.

Game seed: 17371627382502835855

48 jamesdean20 the Shield-Bearer (level 3, -1/35 HPs)
             Began as a Gnoll Fighter on Aug 9, 2021.
             Slain by Natasha (7 damage)
             ... on level 2 of the Dungeon.
             The game lasted 00:07:06 (1170 turns).

jamesdean20 the Shield-Bearer (Gnoll Fighter)       Turns: 1170, Time: 00:07:06

Health: -1/35      AC: 11    Str: 16    XL:     3   Next: 72%
Magic:  13/13      EV:  8    Int:  7    God:
Gold:   23         SH: 10    Dex: 11    Spells: 3/3 levels left

rFire    . . .     SeeInvis .   a - +0 long sword
rCold    . . .     Faith    .   c - +0 kite shield
rNeg     . . .     Spirit   .   b - +0 scale mail
rPois    .         Reflect  .   (no helmet)
rElec    .         Harm     .   (no cloak)
rCorr    .         Rampage  .   (no gloves)
Will     .....                  (no boots)
Stlth    ..........             (no amulet)
HPRegen  0.11/turn              i - +4 ring of protection
MPRegen  0.13/turn              f - ring of magical power

@: no status effects
A: fangs 1, strong nose, distributed training
a: no special abilities


You were on level 2 of the Dungeon.
You visited 1 branch of the dungeon, and saw 2 of its levels.

You collected 23 gold pieces.

Inventory:

Hand Weapons
 a - a +0 long sword (weapon)
Armour
 b - a +0 scale mail (worn)
 c - a +0 kite shield (worn)
Jewellery
 f - a ring of magical power (right hand)
 h - a ring of poison resistance
 i - a +4 ring of protection (left hand)
Scrolls
 e - a scroll of enchant armour
Potions
 d - 3 potions of might
 g - a potion of curing


   Skills:
 + Level 6.5 Fighting
 + Level 0.9 Short Blades
 + Level 4.5 Long Blades
 + Level 0.9 Axes
 + Level 0.9 Maces & Flails
 + Level 0.9 Polearms
 + Level 0.9 Staves
 + Level 0.9 Slings
 + Level 0.9 Bows
 + Level 0.9 Crossbows
 + Level 0.9 Throwing
 + Level 6.5 Armour
 + Level 0.9 Dodging
 + Level 0.9 Stealth
 + Level 6.5 Shields
 + Level 0.9 Unarmed Combat
 + Level 0.9 Spellcasting
 + Level 0.6 Conjurations
 + Level 0.6 Hexes
 + Level 0.6 Summonings
 + Level 0.6 Necromancy
 + Level 0.6 Translocations
 + Level 0.6 Transmutations
 + Level 0.6 Fire Magic
 + Level 0.6 Ice Magic
 + Level 0.6 Air Magic
 + Level 0.6 Earth Magic
 + Level 0.6 Poison Magic
 + Level 1.0 Invocations
 + Level 0.9 Evocations


You had 3 spell levels left.
You didn't know any spells.
Your spell library contained the following spells:

 Spells                   Type           Power      Damage    Failure   Level
 Ozocubu's Armour         Ice            1%         N/A       100%        3
 Ozocubu's Refrigeration  Ice            0%         4d5       100%        7


Dungeon Overview and Level Annotations

Branches:
Dungeon (2/15)

Altars:

Annotations:
D:2 Natasha


Innate Abilities, Weirdness & Mutations

You have very sharp teeth.
Your uncanny sense of smell can sniff out nearby items.
Your experience applies equally to all skills.


Message History

Natasha is severely wounded.
You feel yourself speed up.
The shadow imp disappears in a puff of smoke!
Natasha stares at you and mumbles some strange words.
The magic dart hits you. Natasha claws you.
* * * LOW HITPOINT WARNING * * *
The crimson imp blinks!
You completely miss Natasha.
Natasha is severely wounded.
You block Natasha's attack.
The crimson imp picks up a beetle and eats it.
The crimson imp blinks!
You barely miss Natasha. You bite Natasha, but do no damage.
Natasha is severely wounded.
The crimson imp disappears in a puff of smoke!
You block Natasha's attack. x2
You closely miss Natasha.
Natasha is severely wounded.
You block the crimson imp's attack. Natasha casts a spell at you.
You resist with significant effort.
The crimson imp hits you but does no damage.
You miss Natasha.
Natasha is severely wounded.
Natasha mumbles some strange words.
The crimson imp hits you but does no damage.
Natasha claws you.
* * * LOW HITPOINT WARNING * * *
You barely miss Natasha.
Natasha is severely wounded.
The crimson imp disappears in a puff of smoke!
Natasha claws you but does no damage.
The crimson imp blinks!
You miss Natasha. Your bite misses Natasha.
Natasha is severely wounded.
A dart slug comes into view.
You block Natasha's attack.
You barely miss Natasha.
Natasha is severely wounded.
You block Natasha's attack. Natasha claws you!
You die...

......# #.####.##...#
......# #...........##
......# #..##........#####
......#####..##.##.###.....#
.####.##...........# #...[.#
...##....##w...##### #.....#
.#............## #.....#
........##...5.##### #.....#
.#####.......#Kh@§.###.....#
.# ##.....#######..##.....#
.##.....#...## ##.##.†...#
.##.##..#.#>.######..#..####
.......##.##.......#...##
.................#.##..#
.........>.......#..#..#
.................##....##
.........!.......####...##


You could see Natasha, a crimson imp (summoned), a dart slug and a kobold.

Vanquished Creatures
  Natasha (D:2)
  2 worms (D:2)
  3 ball pythons (D:2)
  3 endoplasms (D:1)
  A giant cockroach (D:2)
  2 goblins
  A quokka (D:2)
  A frilled lizard (D:2)
  3 kobolds (D:2)
  A rat (D:2)
18 creatures vanquished.

Notes
Turn   | Place    | Note
-------+----------+-------------------------------------------
     0 | D:1      | jamesdean20 the Gnoll Fighter began the quest for the Orb.
     0 | D:1      | Reached XP level 1. HP: 23/23 MP: 1/1
    90 | D:1      | Found a faded altar of an unknown god.
   772 | D:2      | Reached XP level 2. HP: 29/29 MP: 2/2
   993 | D:2      | Reached XP level 3. HP: 35/35 MP: 3/3
  1002 | D:2      | Noticed Natasha
  1008 | D:2      | Killed Natasha
  1009 | D:2      | Reached skill level 1 in Invocations
  1129 | D:2      | Noticed Natasha
  1170 | D:2      | Slain by Natasha

Illustrated notes

Levels and vault maps discovered:
D:1:      minmay_arrival_plants_in_alcoves, layout_basic,
          chequers_ecumenical_altar_twisty
D:2:      layout_rooms, uniq_natasha

Skill      XL: |  1  2  3 |
---------------+----------+-----
Invocations    | 1 |  1.0
Fighting       | |  6.5
Short Blades   | |  0.9
Long Blades    | |  4.5
Axes           | |  0.9
Maces & Flails | |  0.9
Polearms       | |  0.9
Staves         | |  0.9
Slings         | |  0.9
Bows           | |  0.9
Crossbows      | |  0.9
Throwing       | |  0.9
Armour         | |  6.5
Dodging        | |  0.9
Stealth        | |  0.9
Shields        | |  6.5
Unarmed Combat | |  0.9
Spellcasting   | |  0.9
Conjurations   | |  0.6
Hexes          | |  0.6
Summonings     | |  0.6
Necromancy     | |  0.6
Translocations | |  0.6
Transmutations | |  0.6
Fire Magic     | |  0.6
Ice Magic      | |  0.6
Air Magic      | |  0.6
Earth Magic    | |  0.6
Poison Magic   | |  0.6
Evocations     | |  0.9

Action                   || total
-------------------------++-------
Melee: Long sword        ||    66
       Bite              ||     5
  Use: Scroll            ||     4
Armor: Scale mail        ||    26
Dodge: Dodged            ||    15
Block: Kite shield       ||    38
       Rpst.: Long sword ||     5
